 Dungeon Crawl Stone Soup version 0.20.1-1-g8b1a95d (webtiles) character file.

2167 Minstaer the Spear-Bearer (level 9, -1/77 HPs)
             Began as a Merfolk Gladiator on Nov 3, 2017.
             Slain by an orc warrior
             ... wielding a +0 mace
              (13 damage)
             ... on level 7 of the Dungeon.
             The game lasted 00:46:01 (5830 turns).

Minstaer the Spear-Bearer (Merfolk Gladiator)       Turns: 5830, Time: 00:46:01

Health: -1/77      AC: 10    Str: 15    XL:     9   Next: 32%
Magic:  9/9        EV: 13    Int:  7    God:
Gold:   317        SH:  0    Dex: 18    Spells: 8/8 levels left

rFire    . . .     SeeInvis .   v - +0 halberd
rCold    . . .     Gourm    .   (shield currently unavailable)
rNeg     . . .     Faith    .   n - +0 ring mail
rPois    .         Spirit   .   c - +0 helmet
rElec    .         Reflect  .   (no cloak)
rCorr    .         Harm     .   j - +0 pair of gloves
MR       .....                  t - +2 pair of boots
Stlth    +.........             (no amulet)
Regen    0.3/turn               (no ring)
MPRegen  0.2/turn               (no ring)

@: no status effects
A: change form in water, swift swim, stealthy swim
a: no special abilities


You were on level 7 of the Dungeon.
You were very hungry.

You visited 1 branch of the dungeon, and saw 7 of its levels.

You collected 317 gold pieces.

Inventory:

Hand Weapons
 a - a +0 trident
 h - a +0 spear
 k - a +0 blowgun
 v - a +0 halberd (weapon)
 x - a +4 falchion of holy wrath
 F - a +0 scythe
 O - a +0 dagger of speed
 P - a +0 rapier
 T - a +2 hand axe of chopping
Missiles
 d - a throwing net (quivered)
 e - 213 stones
 y - 16 poisoned needles
 B - 10 tomahawks
Armour
 b - a +0 leather armour
 c - a +0 helmet (worn)
 i - a +0 plate armour
 j - a +0 pair of gloves (worn)
 n - a +0 ring mail (worn)
 t - a +2 pair of boots (worn)
Wands
 w - a wand of clouds (6/9)
 K - a wand of flame (29/48)
 U - a wand of polymorph (19/24)
Scrolls
 l - 3 scrolls of fear
 m - a scroll of teleportation {unknown}
 q - a scroll of remove curse
 r - 4 scrolls of noise {unknown}
 s - 2 scrolls of fog {unknown}
 C - 2 scrolls of enchant weapon {unknown}
 G - 2 scrolls of enchant armour {unknown}
 R - a scroll of magic mapping {unknown}
Potions
 g - a potion of ambrosia
 o - a potion of cancellation
 p - a potion of lignification
 z - a potion of invisibility {unknown}
 A - 2 potions of agility
 E - a potion of flight {unknown}
 H - a potion of might {unknown}
 J - 3 potions of curing {unknown}
 L - 2 potions of magic {unknown}
 M - a potion of berserk rage {unknown}
 N - a potion of mutation {unknown}
 Q - a potion of heal wounds {unknown}
Books
 S - a book of Clouds

   Spells                             Type                      Level
   a - Poisonous Vapours              Poison/Air                   2
   b - Mephitic Cloud                 Conjuration/Poison/Air       3
   c - Conjure Flame                  Conjuration/Fire             3
   d - Freezing Cloud                 Conjuration/Ice/Air          6
   e - Ring of Flames                 Charms/Fire                  7
Comestibles
 f - 4 bread rations
 u - a meat ration
 D - 2 royal jellies
 I - 3 fruits


   Skills:
 + Level 9.5 Fighting
 + Level 12.6 Polearms
 - Level 2.0 Throwing
 - Level 4.0 Dodging


You had 8 spell levels left.
You didn't know any spells.

Dungeon Overview and Level Annotations

Branches:
Dungeon (7/15)
 Temple: D:4-7

Altars:
Elyvilon

Shops:
D:4 :   D:7 =


Message History

The orc warrior hits you with a mace!
* * * LOW HITPOINT WARNING * * *
You closely miss the orc warrior.
The orc warrior is lightly wounded.
The orc warrior hits you with a mace!
* * * LOW HITPOINT WARNING * * *
The orc warrior completely misses you.
There is an open door here.
There is an open door here.
There is an entrance to Fautyguh's Jewellery Boutique here.
There is an open door here.
Fire/throw which item? (* to show all) (? for menu, Esc to quit)
Okay, then.
Throwing (i - inventory. (,) - cycle):
d - 2 throwing nets (quivered)
Press: ? - help, Shift-Dir - straight line, f/p - orc warrior
Aim: an orc warrior, wielding a mace and wearing a chain mail (lightly wounded)
You throw a throwing net.
The throwing net barely misses the orc warrior.
The orc warrior hits you with a mace!
You die...

#......## ##+#
#......... ....
#......... ....
#......... ....
#........ ....
####+##......#########
#.....#......#........
#.....#......+........
#...<@o.....(#####...#
#.....#......#..##...#
#.....#......#).......
#.....#......#........
#######......###'#####
#.......∩.......
#...............
#...............
.................


You could see an orc warrior.

Vanquished Creatures
  A hippogriff (D:7)
  Sigmund (D:4)
  Eustachio (D:6)
  A wyvern (D:7)
  Edmund (D:6)
  A black bear (D:6)
  An ogre (D:7)
  A centaur (D:6)
  Blork the orc (D:6)
  5 bullfrogs
  2 scorpions
  A crimson imp (D:3)
  A bullfrog zombie (D:6)
  A jelly (D:6)
  An orc priest (D:3)
  2 centaur skeletons
  An orc wizard (D:6)
  Jessica (D:2)
  2 iguanas
  4 worker ants
  A hound zombie (D:5)
  A hound skeleton (D:4)
  A worker ant zombie (D:6)
  A howler monkey zombie (D:7)
  4 gnolls (D:3)
  12 adders
  3 shadow imps
  An ooze (D:3)
  2 worms
  4 leopard geckos
  20 orcs
  6 giant cockroaches
  5 goblins
  9 hobgoblins
  10 jackals
  6 kobolds
  2 quokkas
  2 ball pythons
  7 bats
  4 frilled lizards
  2 leopard gecko zombies
  2 rats
135 creatures vanquished.

Vanquished Creatures (others)
  A quokka (D:4)
1 creature vanquished.

Grand Total: 136 creatures vanquished

Notes
Turn   | Place    | Note
-------+----------+-------------------------------------------
     0 | D:1      | Minstaer the Merfolk Gladiator began the quest for the Orb.
     0 | D:1      | Reached XP level 1. HP: 16/16 MP: 1/1
   388 | D:1      | Reached XP level 2. HP: 23/23 MP: 2/2
  1036 | D:2      | Reached skill level 5 in Polearms
  1039 | D:2      | Reached XP level 3. HP: 20/29 MP: 3/3
  1235 | D:2      | Noticed Jessica
  1241 | D:2      | Killed Jessica
  1241 | D:2      | Reached XP level 4. HP: 25/35 MP: 4/4
  1446 | D:2      | Reached skill level 6 in Polearms
  2224 | D:3      | Reached XP level 5. HP: 14/42 MP: 5/5
  2525 | D:3      | Reached skill level 7 in Polearms
  2633 | D:3      | Reached XP level 6. HP: 50/50 MP: 6/6
  2851 | D:3      | Reached skill level 5 in Fighting
  3143 | D:4      | Found a white marble altar of Elyvilon.
  3265 | D:4      | Reached skill level 8 in Polearms
  3332 | D:4      | Found Wocvuell's Book Shop.
  3388 | D:4      | Noticed Sigmund
  3407 | D:4      | Killed Sigmund
  3407 | D:4      | Reached XP level 7. HP: 27/58 MP: 7/7
  3898 | D:5      | Entered Level 5 of the Dungeon
  4048 | D:5      | Reached skill level 9 in Polearms
  4772 | D:6      | Reached XP level 8. HP: 55/67 MP: 8/8
  4873 | D:6      | Reached skill level 10 in Polearms
  4909 | D:6      | Noticed Edmund
  4933 | D:6      | Killed Edmund
  4969 | D:6      | Noticed Eustachio
  4984 | D:6      | Killed Eustachio
  5060 | D:6      | Reached skill level 11 in Polearms
  5212 | D:6      | Noticed Blork the orc
  5222 | D:6      | Killed Blork the orc
  5686 | D:6      | Reached XP level 9. HP: 72/75 MP: 9/9
  5716 | D:7      | Found Fautyguh's Jewellery Boutique.
  5774 | D:7      | Reached skill level 12 in Polearms
  5830 | D:7      | Slain by an orc warrior

Skill      XL: |  1  2  3  4  5  6  7  8  9 |
---------------+----------------------------+-----
Fighting       | 3 4 6 7 8 9 |  9.5
Polearms       | 5 6 7 8 9 11 12 | 12.6
Throwing       | |  2.0
Dodging        | |  4.0

Action                   |  1- 3 |  4- 6 |  7- 9 || total
-------------------------+-------+-------+-------++-------
Melee: Trident           |    58 |    82 |       ||   140
       Halberd           |       |   114 |   266 ||   380
Throw: Throwing net      |       |     1 |     1 ||     2
  Use: Scroll            |       |     5 |     2 ||     7
 Stab: Held in net/web   |       |     1 |       ||     1
       Distracted        |       |       |     1 ||     1
  Eat: Chunk             |     1 |     7 |     7 ||    15
Armor: Leather armour    |    16 |       |       ||    16
       Ring mail         |       |    58 |    73 ||   131
Dodge: Dodged            |    50 |   104 |   146 ||   300
